 Dungeon Crawl Stone Soup version 0.28-a0-726-g4a9143789a (webtiles) character file.

Game seed: 8189952662108779260

522 kae the Chopper (level 7, -9/61 HPs)
             Began as a Hill Orc Cinder Acolyte on Oct 27, 2021.
             Was a High Priest of Ignis.
             Mangled by an ogre (19 damage)
             ... on level 6 of the Dungeon.
             The game lasted 00:04:30 (4902 turns).

kae the Chopper (Hill Orc Cinder Acolyte)           Turns: 4902, Time: 00:04:31

Health: -9/61      AC:  6    Str: 17    XL:     7   Next: 22%
Magic:  3/10       EV: 10    Int: 16    God:    Ignis [*****.]
Gold:   250        SH:  4    Dex:  6    Spells: 8/10 levels left

rFire   + . .      SeeInvis .   a - -1 hand axe (vorpal)
rCold   . . .      Faith    .   i - +1 buckler {AC+3}
rNeg    . . .      Spirit   .   b - +1 robe
rPois   .          Reflect  .   (no helmet)
rElec   .          Harm     .   (no cloak)
rCorr   .          Rampage  .   (no gloves)
Will    .....                   (no boots)
Stlth   +.........              (no amulet)
HPRegen 0.20/turn               (no ring)
MPRegen 0.12/turn               (no ring)

@: no status effects
A: no striking features
a: Renounce Religion, Sea of Fire, Foxfire Swarm, Rising Flame


You were on level 6 of the Dungeon.
You worshipped Ignis.
Ignis was extremely pleased with you.
You visited 1 branch of the dungeon, and saw 6 of its levels.

You collected 250 gold pieces.

Inventory:

Hand Weapons
 a - a -1 vorpal hand axe (weapon)
Armour
 b - a +1 robe (worn)
 i - a +1 buckler of protection (worn)
Wands
 e - a wand of iceblast (9)
Scrolls
 c - a scroll of enchant armour
 f - a scroll of vulnerability
 g - a scroll of identify
 h - a scroll of amnesia
Potions
 d - a potion of curing


   Skills:
 + Level 5.3 Fighting
 * Level 7.3 Axes
 + Level 1.2 Shields
 + Level 2.4 Spellcasting
 + Level 4.8 Fire Magic


You had 8 spell levels left.
You knew the following spells:

 Your Spells              Type           Power      Damage    Failure   Level
a - Scorch                Fire           34%        2d6       6%          2

Your spell library contained the following spells:

 Spells                   Type           Power      Damage    Failure   Level
 Animate Skeleton         Necr           2%         N/A       28%         1
 Pain                     Necr           4%         1d4       28%         1
 Gell's Gravitas          Tloc           0%         N/A       63%         3
 Lesser Beckoning         Tloc           1%         N/A       63%         3
 Portal Projectile        Hex/Tloc       2%         N/A       63%         3
 Stone Arrow              Conj/Erth      2%         3d7       63%         3
 Teleport Other           Tloc           1%         N/A       63%         3
 Vampiric Draining        Necr           0%         2d6       63%         3
 Animate Armour           Summ/Erth      2%         N/A       95%         4
 Blade Hands              Tmut           0%         N/A       100%        5
 Excruciating Wounds      Necr           0%         N/A       100%        5
 Lehudib's Crystal Spear  Conj/Erth      0%         10d2      100%        8


Dungeon Overview and Level Annotations

Branches:
Dungeon (6/15)             Temple (0/1) D:4

Altars:
Cheibriados


Message History

A jelly comes into view.
The jelly quivers.
The ogre closely misses you.
Casting: Scorch (safe; 6% risk of failure)
Confirm with . or Enter, or press ? or * to list all spells.
Flames lash the ogre.
The ogre is burned terribly!
The ogre is heavily wounded.
The ogre barely misses you.
Casting: Scorch (safe; 6% risk of failure)
Confirm with . or Enter, or press ? or * to list all spells.
You miscast Scorch.
You are very lightly contaminated with residual magic.
Nothing appears to happen.
The ogre hits you with a +0 giant spiked club!!
* * * LOW HITPOINT WARNING * * *
Casting: Scorch (safe; 6% risk of failure)
Confirm with . or Enter, or press ? or * to list all spells.
Flames lash the jelly.
The jelly is severely wounded.
The jelly's fire resistance burns away.
The ogre is no longer more vulnerable to fire.
The ogre barely misses you. The jelly barely misses you.
The ogre hits you with a +0 giant spiked club!
* * * LOW HITPOINT WARNING * * *
You can't go up here!
The jelly closely misses you.
You climb downwards.
There is a stone staircase leading up here.
The jelly hits you but does no damage.
Your magical contamination has completely faded away.
Okay, then.
The jelly is no longer more vulnerable to fire.
You see here a scroll labelled HAMPAD QEEQEDGH.
As you read the scroll labelled HAMPAD QEEQEDGH, it crumbles to dust.
You hear a loud clanging noise!
It was a scroll of noise.
You hear a shout!
You hear a howl!
The ogre hits you with a +0 giant spiked club!!
You die...

# ###########.###..
##.......O@.......
#..)..<..J........
..........####......
......##### .#####
#####. # #


You could see an ogre and a jelly.

Vanquished Creatures
  An ice beast (D:6)
  A kobold brigand (D:5)
  A centaur zombie (D:4)
  A bullfrog zombie (D:5)
  2 hounds
  An orc priest (D:2)
  An iguana (D:4)
  An orc wizard (D:3)
  A howler monkey skeleton (D:6)
  5 adders
  5 orcs
  8 ball pythons
  4 bats
  9 endoplasms
  4 giant cockroaches
  8 hobgoblins
  12 jackals
  A quokka (D:2)
  4 frilled lizards (D:1)
  10 goblins
  8 kobolds
  18 rats
106 creatures vanquished.

Notes
Turn   | Place    | Note
-------+----------+-------------------------------------------
     0 | D:1      | kae the Hill Orc Cinder Acolyte began the quest for the
                  | Orb.
     0 | D:1      | Reached XP level 1. HP: 19/19 MP: 2/2
   103 | D:1      | Reached XP level 2. HP: 19/27 MP: 3/3
   115 | D:1      | Learned a level 2 spell: Scorch
   572 | D:1      | Reached XP level 3. HP: 33/33 MP: 1/4
  1508 | D:2      | Reached skill level 5 in Axes
  1579 | D:2      | Reached XP level 4. HP: 40/40 MP: 2/6
  1888 | D:2      | Found a faded altar of an unknown god.
  2522 | D:3      | Reached XP level 5. HP: 43/47 MP: 0/7
  3128 | D:3      | Found a snail-covered altar of Cheibriados.
  3344 | D:4      | Reached skill level 6 in Axes
  3537 | D:4      | Reached XP level 6. HP: 50/55 MP: 3/9
  3889 | D:4      | Found a staircase to the Ecumenical Temple.
  4149 | D:4      | Reached skill level 5 in Fighting
  4417 | D:4      | Identified a scroll of acquirement
  4417 | D:4      | Acquired a +1 buckler of protection
  4439 | D:5      | Entered Level 5 of the Dungeon
  4574 | D:5      | Reached skill level 7 in Axes
  4598 | D:5      | Noticed an ice beast
  4633 | D:6      | Killed an ice beast
  4634 | D:6      | Reached skill level 1 in Shields
  4634 | D:6      | Reached XP level 7. HP: 14/61 MP: 1/10
  4902 | D:6      | Mangled by an ogre

Illustrated notes

Levels and vault maps discovered:
D:1:      saegor_arrival_simple_b, layout_rooms, serial_aquarium,
          aquarium_bridge_long_joined [aquarium_subvault_balcony,
          aquarium_subvault_bridge, aquarium_subvault_wall,
          aquarium_subvault_window, aquarium_subvault_wall,
          aquarium_subvault_bridge], aquarium_bridge_square
          [aquarium_subvault_bridge, aquarium_subvault_bridge,
          aquarium_subvault_bridge, aquarium_subvault_wall], aquarium_window_1,
          aquarium_window_fake, aquarium_view_2d, aquarium_view_2c,
          minmay_rat_gold_closets
D:2:      layout_basic, shapermc_ecumenical_altar_starsandcircs
D:3:      layout_rooms, cheibriados_altar_1
D:4:      layout_rooms, temple_green
D:5:      minmay_general_purpose_star, layout_loops_ring, lemuel_doored_altar,
          serial_shops, shop, serial_park_tiny_pond, minmay_divided_ellipse
D:6:      layout_rooms, lemuel_mausoleum_altar_kikubaaqudgha,
          mainiacjoe_overflow_catch_the_wave

Skill      XL: |  1  2  3  4  5  6 |
---------------+-------------------+-----
Fighting       | 4 5 |  5.3
Axes           | 5 6 7 |  7.3
Fire Magic     | 4 |  4.8
Spellcasting   | 2 |  2.4
Shields        | 1 |  1.2

Action                   |  1- 3 |  4- 6 |  7- 9 || total
-------------------------+-------+-------+-------++-------
Melee: Hand axe          |   113 |    79 |     4 ||   196
 Cast: Scorch            |    17 |    63 |     5 ||    85
  Use: Scroll            |     2 |     5 |     1 ||     8
       Potion            |       |     1 |       ||     1
Armor: Robe              |    23 |    43 |     3 ||    69
Dodge: Dodged            |    69 |    92 |     9 ||   170
Block: Buckler           |       |     4 |       ||     4

Table legend: (Time is in decaauts)
 A = Elapsed time spent in this place.
 B = Non-inter-level travel time spent in this place.
 C = Inter-level travel time spent in this place.
 D = Time resting spent in this place.
 E = Time spent auto-exploring this place.
 F = Levels seen in this place.
 G = Mean time per level.
                   A        B        C        D        E       F      G
               +--------+--------+--------+--------+--------+-----+--------+
         Total |   4915 |   4829 |     86 |    538 |   3562 |   6 |  819.2 |
       Dungeon |   4915 |   4829 |     86 |    538 |   3562 |   6 |  819.2 |
               +--------+--------+--------+--------+--------+-----+--------+

Top non-repeatable levels by time:
     D:2: 1258 daAuts
     D:1: 1202 daAuts
     D:3: 1074 daAuts
     D:4: 916 daAuts
     D:6: 270 daAuts
     D:5: 194 daAuts
